 Dungeon Crawl Stone Soup version 0.23.0-3-gf3c87f2 (webtiles) character file.

Game seed: 5329961944082397353

169279 skk the Cleaver (level 17, -3/131 HPs)
             Began as a Demonspawn Fighter on Feb 21, 2019.
             Was an Elder of Okawaru.
             Slain by an ettin
             ... wielding a +0 dire flail
              (33 damage)
             ... on level 2 of the Orcish Mines.
             The game lasted 00:58:18 (22245 turns).

skk the Cleaver (Demonspawn Fighter)               Turns: 22245, Time: 00:58:19

Health: -3/131     AC: 20    Str: 23    XL:     17   Next: 35%
Magic:  23/23      EV: 12    Int: 13    God:    Okawaru [****..]
Gold:   2984       SH:  0    Dex: 19    Spells: 16/16 levels left

rFire    + . .     SeeInvis +   I - +11 battleaxe of Sudden Death {vamp, rC+}
rCold    + + .     Gourm    .   (shield currently unavailable)
rNeg     . . .     Faith    .   J - +0 chain mail
rPois    +         Spirit   .   y - +0 helmet {SInv}
rElec    .         Reflect  .   j - scarf {repulsion}
rCorr    .         Harm     .   X - +0 pair of gloves of Mysticism {Int+4 Slay+3}
MR       +....                  m - +2 pair of boots
Stlth    ..........             F - amulet of regeneration
HPRegen  0.71/turn              h - ring of protection from cold
MPRegen  0.18/turn              w - ring of Saomy {rPois rF+ Str+2 Dex+5}

@: lightly drained, repel missiles
A: claws 1, yellow scales 2, demonic guardian 2, powered by death 3, weak 1
a: Heroism, Renounce Religion


You were on level 2 of the Orcish Mines.
You worshipped Okawaru.
Okawaru was greatly pleased with you.
You were not hungry.

You visited 4 branches of the dungeon, and saw 22 of its levels.
You also visited: Sewer, Bailey, Gauntlet and Ice Cave.

You collected 2984 gold pieces.

Inventory:

Hand Weapons
 I - the +11 battleaxe of Sudden Death (weapon) {vamp, rC+}
   (Okawaru gifted it to you on level 13 of the Dungeon)

   It inflicts no extra harm, but heals its wielder when it wounds a living foe.
   It protects you from cold.
 U - a +2 demon whip of flaming
Armour
 c - a +0 shield
 j - a scarf of repulsion (worn)
 m - a +2 pair of boots (worn)
 y - a +0 helmet of see invisible (worn)
 J - a +0 chain mail (worn)
 X - the +0 pair of gloves of Mysticism (worn) {Int+4 Slay+3}
   (You found it on level 6 of the Lair of Beasts)

   It affects your intelligence (+4).
   It affects your accuracy and damage with ranged weapons and melee attacks
   (+3).
Jewellery
 h - a ring of protection from cold (left hand)
 l - an uncursed ring of flight
 p - an uncursed amulet of the gourmand
 w - the ring of Saomy (right hand) {rPois rF+ Str+2 Dex+5}
   (You found it in a Gauntlet)

   [ring of dexterity]

   It affects your strength (+2).
   It affects your dexterity (+5).
   It protects you from fire.
   It protects you from poison.
 F - an amulet of regeneration (around neck)
Wands
 a - a wand of clouds (15)
 k - a wand of disintegration (2)
 s - a wand of flame (34)
 x - a wand of iceblast (34)
 E - a wand of digging (11)
 H - a wand of random effects (18)
 K - a wand of enslavement (12)
 N - a wand of paralysis (4)
Scrolls
 g - 9 scrolls of remove curse
 i - 2 scrolls of silence
 n - 4 scrolls of enchant armour
 u - 6 scrolls of blinking
 v - 15 scrolls of teleportation
 B - 2 scrolls of fog
 G - 5 scrolls of fear
 M - a scroll of identify
Potions
 b - 2 potions of lignification
 d - 2 potions of might
 e - 4 potions of heal wounds
 o - 21 potions of curing
 q - 4 potions of haste
 r - 3 potions of resistance
 t - 3 potions of agility
 z - a potion of magic
 A - 6 potions of mutation
 D - 3 potions of flight
 O - a potion of ambrosia
 P - 2 potions of invisibility
 Q - 2 potions of cancellation
 R - a potion of brilliance
 S - a potion of berserk rage
Miscellaneous
 L - a box of beasts
 W - a sack of spiders
Comestibles
 f - 43 rations


   Skills:
 + Level 11.0(10.7) Fighting
 + Level 14.5(15.1) Axes
 + Level 7.1(11.5) Maces & Flails
   Level 6.2(11.0) Polearms
 + Level 10.3(9.9) Armour
 + Level 6.1(5.8) Dodging
 + Level 4.6(4.4) Stealth
 + Level 9.0(8.6) Shields
 + Level 8.5(8.1) Invocations
 * Level 7.7(7.3) Evocations


You had 16 spell levels left.
You didn't know any spells.
Your spell library contained the following spells:

 Spells                   Type           Power        Failure   Level  Hunger
 Animate Skeleton         Necr           N/A          87%         1    ##.....
 Confusing Touch          Hex            #.....       87%         1    ##.....
 Corona                   Hex            #......      87%         1    ##.....
 Freeze                   Ice            #...         87%         1    ##.....
 Magic Dart               Conj           #...         87%         1    ##.....
 Pain                     Necr           #...         87%         1    ##.....
 Blink                    Tloc           N/A          95%         2    ###....
 Call Imp                 Summ           #.......     95%         2    ###....
 Ensorcelled Hibernation  Hex/Ice        #.....       95%         2    ###....
 Searing Ray              Conj           #.....       95%         2    ###....
 Slow                     Hex            #.......     95%         2    ###....
 Swiftness                Chrm/Air       #.......     95%         2    ###....
 Throw Frost              Conj/Ice       #.....       95%         2    ###....
 Confuse                  Hex            #.......     99%         3    ####...
 Conjure Flame            Conj/Fire      #.......     99%         3    ####...
 Dazzling Spray           Conj/Hex       #.....       99%         3    ####...
 Gell's Gravitas          Tloc           #.........   99%         3    ####...
 Mephitic Cloud           Conj/Pois/Air  #.......     99%         3    ####...
 Ozocubu's Armour         Chrm/Ice       #.......     99%         3    ####...
 Regeneration             Chrm/Necr      #.........   99%         3    ####...
 Spectral Weapon          Hex/Chrm       #.......     99%         3    ####...
 Tukima's Dance           Hex            #.......     99%         3    ####...
 Vampiric Draining        Necr           #.........   99%         3    ####...
 Animate Dead             Necr           N/A          100%        4    #####..
 Force Lance              Conj/Tloc      #.......     100%        4    #####..
 Fulminant Prism          Conj/Hex       #.........   100%        4    #####..
 Iskenderun's Mystic Bla  Conj           #.......     100%        4    #####..
 Passage of Golubria      Tloc           N/A          100%        4    #####..
 Petrify                  Tmut/Erth      #.......     100%        4    #####..
 Summon Ice Beast         Ice/Summ       #.......     100%        4    #####..
 Throw Icicle             Conj/Ice       #.......     100%        4    #####..
 Metabolic Englaciation   Hex/Ice        #.........   100%        5    ######.
 Yara's Violent Unravell  Hex/Tmut       #.........   100%        5    ######.
 Controlled Blink         Tloc           N/A          100%        8    #######


Dungeon Overview and Level Annotations

Branches:
Dungeon (13/15)            Temple (1/1) D:4            Lair (6/6) D:8
  Swamp (0/4) Lair:2       Spider (0/4) Lair:4        Slime (0/5) Lair:6
    Orc (2/2) D:10            Elf (0/3) Orc:2        Vaults (0/5) D:13

Altars:
Ashenzari
Cheibriados
Dithmenos
Elyvilon
Fedhas
Gozag
Hepliaklqana
Kikubaaqudgha
Makhleb
Nemelex Xobeh
Okawaru
Qazlal
Ru
Sif Muna
Trog
Uskayaw
Vehumet
Wu Jian
Xom
Yredelemnul
Zin
The Shining One
Jiyva

Shops:
Orc:2 [


Innate Abilities, Weirdness & Mutations

You have sharp fingernails.
You are mostly covered in yellow scales. (AC +3)
A demonic guardian rushes to your aid.
You regenerate a lot of health from kills.
You are weak. (Str -2)


Message History

The ettin hits you but does no damage.
The ettin hits you with a +0 great mace!!
You hit the ettin but do no damage.
The ettin is heavily wounded.
You slash the ettin!
The ettin is heavily wounded.
The ettin hits you with a +0 dire flail!!
The ettin barely misses you.
You slash the ettin!
The ettin is severely wounded.
The ettin hits you with a +0 dire flail.
The ettin hits you with a +0 great mace!!
You are too injured to fight recklessly!
You are too injured to fight recklessly!
You barely miss the ettin.
The ettin is severely wounded.
The ettin hits you with a +0 dire flail!!
* * * LOW HITPOINT WARNING * * *
The ettin hits you with a +0 great mace!!
You die...

.........#.###.............#
........#### ###^.........##
##.....#.# ###............#
#.....### #...............#
##....# ###................
#.#.## ##..................
##### ##.........###......
#.......C#.# .....
#.......@### ...
##..(.....## ##..(.....##
##....(....# #....÷)....#
#.......8.....
#.......P.....$
#PP...∩........
#.........P....


You could see an ettin.

Vanquished Creatures
  An orc warlord (Bailey)
  An entropy weaver (Gauntlet)
  Nessos (Lair:4)
  A minotaur (Gauntlet)
  The ghost of nht the Grappler, a journeyman DrTm of Makhleb (D:10)
  An ogre mage (Orc:2)
  2 hydras
  A vault guard (D:13)
  2 ice dragons (IceCv)
  3 centaur warriors (D:13)
  Erica (D:9)
  2 catoblepae
  3 death yaks (Lair:6)
  A tengu warrior (Gauntlet)
  6 two-headed ogres
  2 unseen horrors
  An orc knight (Bailey)
  A deep elf mage (D:13)
  8 ugly things
  An orc sorcerer (Orc:1)
  5 cyclopes
  A manticore (D:13)
  An oklob plant (Lair:2)
  An orb spider (Lair:4)
  21 elephants
  2 ice statues (IceCv)
  3 black mambas
  21 spiny frogs
  A spiny frog (shapeshifter) (D:10)
  6 komodo dragons
  9 rime drakes
  A komodo dragon (shapeshifter) (D:10)
  2 tengu conjurers (Gauntlet)
  6 trolls
  A jumping spider (Gauntlet)
  3 polar bears
  4 tyrant leeches (Lair:6)
  A wind drake (shapeshifter) (D:10)
  24 blink frogs
  7 dream sheep (Lair:6)
  9 hippogriffs
  4 centaur simulacra
  A redback (Gauntlet)
  A wraith (D:12)
  37 yaks
  2 basilisks
  2 wyverns
  A hungry ghost (D:10)
  2 neqoxecs (D:10)
  6 vampire mosquitoes (Lair:6)
  4 wargs
  3 acid dragons
  7 water moccasins
  A hornet zombie (D:10)
  7 porcupines
  A black bear (D:13)
  31 orc warriors
  11 ogres
  2 eyes of draining
  21 ice beasts
  4 necrophages (D:7)
  A phantom (D:6)
  13 centaurs
  12 crocodiles
  2 big kobolds
  31 bullfrogs
  A gnoll sergeant (D:9)
  A spiny frog simulacrum (Gauntlet)
  5 scorpions
  5 killer bees
  7 howler monkeys
  2 electric eels
  10 wights
  6 crimson imps
  2 quasits
  2 bullfrog zombies (D:12)
  2 centaur zombies
  5 hounds
  A jelly (D:13)
  11 orc priests
  23 orc wizards
  2 iguanas
  10 worker ants
  A killer bee zombie (D:7)
  A bullfrog simulacrum (Gauntlet)
  A hound skeleton (D:11)
  2 hound zombies (D:7)
  11 adders
  10 gnolls
  A howler monkey skeleton (D:11)
  2 river rats
  7 shadow imps
  3 adder skeletons
  A worm (D:2)
  2 dart slugs
  3 leopard geckos
  71 orcs
  11 bats
  4 giant cockroaches
  17 hobgoblins
  17 jackals
  5 quokkas
  4 ball pythons
  16 frilled lizards
  35 goblins
  9 kobolds
  A leopard gecko zombie (D:7)
  A quokka skeleton (D:10)
  11 rats
  3 bushes (D:7)
  5 fungi
  10 plants
736 creatures vanquished.

Vanquished Creatures (collateral kills)
  Rupert (Lair:6)
  An ettin (Orc:2)
  A hydra (D:11)
  An orc knight (Bailey)
  An elephant (Lair:5)
  A spiny frog (Lair:3)
  A rime drake (Lair:2)
  A wraith (D:6)
  A wyvern (D:9)
  A warg (D:10)
  A sky beast (D:9)
  4 ice beasts
  An ogre (D:8)
  A crocodile (Lair:6)
  A bullfrog (D:9)
  2 wights (D:8)
  An electric eel (Lair:2)
  A hound (D:12)
  2 orc priests (D:6)
  A bullfrog skeleton (D:6)
  2 orc wizards
  A worker ant zombie (D:10)
  A gnoll (D:9)
  An adder (D:9)
  7 orcs
  2 jackals (D:6)
  A quokka (D:6)
  A giant cockroach zombie (D:6)
  A butterfly (Lair:6)
  2 fungi (Lair:5)
  A plant (Lair:5)
45 creatures vanquished.

Vanquished Creatures (others)
  An orc wizard (D:9)
  A bush (D:7)
  9 demonic plants (Gauntlet)
  15 fungi
  32 plants
58 creatures vanquished.

Grand Total: 839 creatures vanquished

Notes
Turn   | Place    | Note
-------+----------+-------------------------------------------
     0 | D:1      | skk the Demonspawn Fighter began the quest for the Orb.
     0 | D:1      | Reached XP level 1. HP: 18/18 MP: 1/1
    77 | D:1      | Gained mutation: You are partially covered in yellow
                  | scales. (AC +2) [demonic ancestry]
    77 | D:1      | Reached XP level 2. HP: 14/24 MP: 2/2
   400 | D:1      | Found an iron altar of Okawaru.
   409 | D:1      | Became a worshipper of Warmaster Okawaru
   651 | D:1      | Reached XP level 3. HP: 29/29 MP: 3/3
  1219 | D:2      | Reached XP level 4. HP: 35/35 MP: 4/4
  1828 | D:3      | Found a glowing golden altar of the Shining One.
  2030 | D:3      | Reached XP level 5. HP: 42/42 MP: 5/5
  2123 | D:3      | Found an opulent altar of Gozag.
  2568 | D:4      | Noticed an ogre
  2574 | D:4      | Killed an ogre
  2574 | D:4      | Reached skill level 1 in Dodging
  2587 | D:4      | Reached XP level 6. HP: 48/48 MP: 6/6
  2673 | D:4      | Found a glowing drain.
  2681 | Sewer    | Entered a sewer
  3180 | D:4      | Found a staircase to the Ecumenical Temple.
  3241 | D:4      | Reached * piety under Okawaru
  3472 | D:4      | Found an ornate altar of the Wu Jian Council.
  3472 | D:4      | Found an iron altar of Okawaru.
  3472 | D:4      | Found a white marble altar of Elyvilon.
  3474 | D:4      | Found a glowing silver altar of Zin.
  3834 | Temple   | Entered the Ecumenical Temple
  3912 | D:5      | Entered Level 5 of the Dungeon
  4008 | D:5      | Noticed an ice beast
  4014 | D:5      | Killed an ice beast
  4014 | D:5      | Gained mutation: You are mostly covered in yellow scales.
                  | (AC +3) [demonic ancestry]
  4014 | D:5      | Reached XP level 7. HP: 54/54 MP: 7/7
  4426 | D:5      | Reached skill level 1 in Evocations
  4605 | D:6      | Reached skill level 5 in Polearms
  4615 | D:6      | Reached ** piety under Okawaru
  4631 | D:6      | Reached skill level 5 in Shields
  4662 | D:5      | Gained mutation: A weak demonic guardian rushes to your
                  | aid. [demonic ancestry]
  4662 | D:5      | Reached XP level 8. HP: 37/61 MP: 9/9
  5121 | D:6      | Found a stormy altar of Qazlal.
  5255 | D:6      | Reached *** piety under Okawaru
  5578 | D:6      | Found a shattered altar of Ashenzari.
  5822 | D:7      | Found a blossoming altar of Fedhas.
  5912 | D:7      | Reached skill level 5 in Fighting
  5912 | D:7      | Reached skill level 1 in Maces & Flails
  5912 | D:7      | Reached skill level 1 in Stealth
  5912 | D:7      | Gained mutation: You regenerate a little health from kills.
                  | [demonic ancestry]
  5912 | D:7      | Reached XP level 9. HP: 68/68 MP: 10/10
  5977 | D:7      | Reached skill level 5 in Armour
  6596 | D:7      | Reached skill level 1 in Axes
  6604 | D:7      | Reached **** piety under Okawaru
  6697 | D:8      | Reached skill level 2 in Axes
  6876 | D:8      | Reached skill level 3 in Axes
  7114 | D:8      | Found a staircase to the Lair.
  7314 | D:8      | Reached skill level 4 in Axes
  7426 | D:8      | Reached skill level 1 in Invocations
  7426 | D:8      | Reached XP level 10. HP: 34/75 MP: 3/11
  7904 | D:8      | Found a shimmering altar of Xom.
  8636 | D:9      | Noticed a catoblepas
  8637 | D:9      | Noticed a two-headed ogre
  8788 | D:9      | Reached ***** piety under Okawaru
  8790 | D:9      | Reached skill level 5 in Maces & Flails
  8873 | D:9      | Noticed Erica
  8911 | D:9      | Killed Erica
  9181 | D:9      | Killed a catoblepas
  9305 | D:9      | Killed a two-headed ogre
  9305 | D:9      | Gained mutation: You regenerate health from kills. [demonic
                  | ancestry]
  9305 | D:9      | Reached XP level 11. HP: 68/83 MP: 12/12
  9907 | D:10     | Entered Level 10 of the Dungeon
 10082 | D:10     | Killed an unseen horror
 10082 | D:10     | Received a gift from Okawaru
 10166 | D:10     | Reached skill level 5 in Axes
 10235 | D:10     | Found a staircase to the Orcish Mines.
 10329 | D:10     | Noticed a two-headed ogre
 10338 | D:10     | Killed a two-headed ogre
 10444 | D:10     | Found a runed translucent gate.
 10444 | D:10     | Found a runed translucent gate.
 10445 | D:10     | Found a runed translucent gate.
 10446 | D:10     | Noticed a red ugly thing
 10446 | D:10     | Noticed a cyan ugly thing
 10447 | D:10     | Noticed a white ugly thing
 10447 | D:10     | Noticed a white ugly thing
 10447 | D:10     | Noticed a red ugly thing
 10582 | D:10     | Reached skill level 6 in Axes
 10815 | D:11     | Found a frozen archway.
 10854 | IceCv    | Entered an ice cave
 10901 | IceCv    | Reached skill level 7 in Axes
 11099 | IceCv    | Reached ****** piety under Okawaru
 11141 | IceCv    | Noticed an ice dragon
 11141 | IceCv    | Noticed an ice dragon
 11150 | IceCv    | Killed an ice dragon
 11150 | IceCv    | Received a gift from Okawaru
 11150 | IceCv    | Reached XP level 12. HP: 77/92 MP: 10/13
 11161 | IceCv    | Killed an ice dragon
 11289 | IceCv    | Reached skill level 5 in Dodging
 11475 | D:11     | Noticed a four-headed hydra
 11484 | D:11     | Killed a one-headed hydra
 11484 | D:11     | Reached skill level 8 in Axes
 12465 | D:12     | Identified Sif Muna's Almanac of Self-Knowledge and the
                  | Compass
 12715 | D:12     | Reached skill level 9 in Axes
 13214 | D:12     | Received a gift from Okawaru
 13670 | D:13     | Noticed a centaur warrior
 13687 | D:13     | Killed a centaur warrior
 13713 | D:13     | Noticed a centaur warrior
 13721 | D:13     | Killed a centaur warrior
 13721 | D:13     | Received a gift from Okawaru
 13736 | D:13     | Got a polished battleaxe {god gift}
 13737 | D:13     | Identified the +11 battleaxe of Sudden Death {vamp, rC+}
                  | (Okawaru gifted it to you on level 13 of the Dungeon)
 13909 | D:13     | Noticed a two-headed ogre
 13911 | D:13     | Reached skill level 10 in Axes
 13922 | D:13     | Killed a two-headed ogre
 14101 | D:13     | Found a gate to the Vaults.
 14101 | D:13     | Noticed a vault guard
 14112 | D:13     | Killed a vault guard
 14153 | D:13     | Noticed a catoblepas
 14173 | D:13     | Killed a catoblepas
 14173 | D:13     | Gained mutation: You regenerate a lot of health from kills.
                  | [demonic ancestry]
 14173 | D:13     | Reached XP level 13. HP: 55/99 MP: 14/14
 14770 | D:10     | Found a runed translucent gate.
 14770 | D:10     | Found a runed translucent gate.
 14776 | D:10     | Found a runed translucent gate.
 14780 | D:10     | Noticed nht's ghost (journeyman DrTm)
 14799 | D:10     | Reached skill level 11 in Axes
 14810 | D:10     | Killed nht's ghost
 14899 | D:10     | Gained mutation: You are weak. (Str -2) [mutagenic glow]
 14967 | Lair:1   | Entered Level 1 of the Lair of Beasts
 15203 | Lair:1   | Received a gift from Okawaru
 15555 | Lair:1   | Reached skill level 5 in Invocations
 15785 | Lair:2   | Found a staircase to the Swamp.
 15829 | Lair:2   | Received a gift from Okawaru
 16998 | Lair:3   | Found a gate leading to a gauntlet.
 17011 | Gauntlet | Entered a Gauntlet
 17011 | Gauntlet | Found a transporter.
 17020 | Gauntlet | Found a transporter.
 17035 | Gauntlet | Found a transporter.
 17040 | Gauntlet | Found a transporter.
 17057 | Gauntlet | Found a transporter.
 17075 | Gauntlet | Found a transporter.
 17087 | Gauntlet | Found a transporter.
 17099 | Gauntlet | Found a transporter.
 17111 | Gauntlet | Found a transporter.
 17111 | Gauntlet | Noticed an entropy weaver
 17123 | Gauntlet | Found a transporter.
 17141 | Gauntlet | Found a transporter.
 17160 | Gauntlet | Found a transporter.
 17162 | Gauntlet | Found a transporter.
 17164 | Gauntlet | Found a runed translucent gate.
 17164 | Gauntlet | Found a runed translucent gate.
 17164 | Gauntlet | Found a runed translucent gate.
 17169 | Gauntlet | Found a large runed translucent door.
 17169 | Gauntlet | Found a large runed translucent door.
 17169 | Gauntlet | Found a large runed translucent door.
 17169 | Gauntlet | Found a large runed translucent door.
 17171 | Gauntlet | Found a large runed translucent door.
 17171 | Gauntlet | Found a large runed translucent door.
 17173 | Gauntlet | Found a large runed translucent door.
 17173 | Gauntlet | Found a large runed translucent door.
 17177 | Gauntlet | Found a large runed translucent door.
 17177 | Gauntlet | Found a large runed translucent door.
 17177 | Gauntlet | Found a runed translucent door.
 17178 | Gauntlet | Found a large runed translucent door.
 17179 | Gauntlet | Found a large runed translucent door.
 17188 | Gauntlet | Found a runed translucent door.
 17189 | Gauntlet | Found a large runed translucent door.
 17189 | Gauntlet | Found a large runed translucent door.
 17190 | Gauntlet | Found a large runed translucent door.
 17191 | Gauntlet | Found a large runed translucent door.
 17191 | Gauntlet | Found a transporter.
 17193 | Gauntlet | Found a transporter.
 17195 | Gauntlet | Found a transporter.
 17228 | Gauntlet | Found a transporter.
 17230 | Gauntlet | Found a transporter.
 17372 | Gauntlet | Killed an entropy weaver
 17372 | Gauntlet | Reached skill level 12 in Axes
 17391 | Gauntlet | Got a coiled pewter ring
 17395 | Gauntlet | Identified the ring of Saomy {rPois rF+ Str+2 Dex+5} (You
                  | found it in a Gauntlet)
 17428 | Gauntlet | Identified the +8 quarterstaff of Contradiction {flame,
                  | +Rage Dex+2}
 17428 | Gauntlet | Noticed a minotaur
 17437 | Gauntlet | Killed a minotaur
 17437 | Gauntlet | Received a gift from Okawaru
 17672 | Lair:3   | Reached XP level 14. HP: 108/108 MP: 16/19
 18285 | Lair:4   | Got a steaming ring mail
 18312 | Lair:4   | Identified the +0 ring mail "Errufa" {Str+4 Dex-5} (You
                  | found it on level 4 of the Lair of Beasts)
 18427 | Lair:4   | Noticed Nessos
 18470 | Lair:4   | Killed Nessos
 18575 | Lair:4   | Identified a scroll of acquirement
 18576 | Lair:4   | Got an encrusted helmet
 18582 | Lair:4   | Identified the +2 helmet "Yssaagof" {+Blink rPois rF-
                  | Int+7} (You acquired it on level 4 of the Lair of Beasts)
 18590 | Lair:4   | Found a hole to the Spider Nest.
 18876 | Lair:5   | Received a gift from Okawaru
 18948 | Lair:5   | Found an opulent altar of Gozag.
 19458 | Lair:6   | Entered Level 6 of the Lair of Beasts
 19467 | Lair:6   | Received a gift from Okawaru
 19479 | Lair:6   | Reached skill level 13 in Axes
 19574 | Lair:6   | Reached skill level 10 in Fighting
 19677 | Lair:6   | Reached skill level 5 in Evocations
 19811 | Lair:6   | Found a viscous altar of Jiyva.
 19812 | Lair:6   | Found a staircase to the Slime Pits.
 19870 | Lair:6   | Received a gift from Okawaru
 20055 | Lair:6   | Reached XP level 15. HP: 109/117 MP: 20/20
 20277 | Lair:6   | Got a polished battleaxe
 20405 | Lair:6   | Noticed Rupert
 20406 | Lair:6   | Found a glowing silver altar of Zin.
 20421 | Lair:6   | Killed Rupert
 20502 | Lair:6   | Got a pair of twisted gloves
 20667 | Lair:6   | Identified the cursed +0 pair of gloves of Mysticism {Int+4
                  | Slay+3} (You found it on level 6 of the Lair of Beasts)
 20669 | Lair:6   | Identified the +3 battleaxe of Exquisite Torment {pain,
                  | Str+3} (You found it on level 6 of the Lair of Beasts)
 20985 | Orc:1    | Entered Level 1 of the Orcish Mines
 21015 | Orc:1    | Reached skill level 14 in Axes
 21402 | Orc:2    | Entered Level 2 of the Orcish Mines
 21453 | Orc:1    | Found a flagged portal.
 21463 | Bailey   | Entered a bailey
 21685 | Bailey   | Noticed an orc warlord
 21715 | Bailey   | Killed an orc warlord
 21810 | Orc:1    | Reached skill level 10 in Armour
 21810 | Orc:1    | Gained mutation: A demonic guardian rushes to your aid.
                  | [demonic ancestry]
 21810 | Orc:1    | Reached XP level 16. HP: 124/124 MP: 20/22
 21811 | Orc:1    | Gained mutation: You have sharp fingernails. [demonic
                  | ancestry]
 21811 | Orc:1    | Reached XP level 17. HP: 131/131 MP: 20/23
 22033 | Orc:2    | Found a staircase to the Elven Halls.
 22126 | Orc:2    | Found Deshouza's Antique Armour Shoppe.
 22245 | Orc:2    | Slain by an ettin

Skill      XL: |  1  2  3  4  5  6  7  8  9 10 11 12 13 14 15 16 |
---------------+-------------------------------------------------+-----
Armour         | 3 4 5 6 7 8 9 10 | 10.3
Shields        | 3 4 5 6 7 8 9 |  9.0
Polearms       | 2 3 4 5 6 |  6.2
Dodging        | 1 2 3 4 5 6 |  6.1
Fighting       | 4 5 6 7 8 9 10 11 | 11.0
Evocations     | 1 2 5 6 7 |  7.7
Maces & Flails | 1 3 6 7 |  7.1
Stealth        | 1 2 3 4 |  4.6
Axes           | 4 7 10 12 13 14 | 14.5
Invocations    | 1 2 6 7 8 |  8.5

Action                   |  1- 3 |  4- 6 |  7- 9 | 10-12 | 13-15 | 16-18 || total
-------------------------+-------+-------+-------+-------+-------+-------++-------
Melee: Trident           |   153 |   307 |   175 |       |       |       ||   635
       Whip              |       |       |   306 |   256 |       |       ||   562
       Hand axe          |       |       |    54 |       |       |       ||    54
       War axe           |       |       |    43 |       |       |       ||    43
       Broad axe         |       |       |       |   464 |    15 |       ||   479
       Battleaxe         |       |       |       |    79 |   781 |    22 ||   882
Invok: Heroism           |       |       |     8 |    15 |    21 |       ||    44
       Finesse           |       |       |       |       |     2 |       ||     2
Evoke: Wand              |       |     5 |     4 |    13 |     5 |       ||    27
  Use: Scroll            |       |    10 |     6 |    19 |    11 |       ||    46
       Potion            |       |     1 |     5 |     4 |     2 |     1 ||    13
 Stab: Distracted        |       |       |     3 |     7 |    18 |       ||    28
       Invisible         |       |       |       |     5 |       |       ||     5
       Paralysed         |       |       |       |       |     3 |       ||     3
  Eat: Chunk             |     1 |     8 |    19 |    15 |    10 |     1 ||    54
       Ration            |       |       |     1 |     2 |     7 |       ||    10
Armor: Scale mail        |    65 |   125 |   252 |   239 |       |       ||   681
       Chain mail        |       |       |       |    88 |   425 |     5 ||   518
       Skin              |       |       |       |       |     1 |       ||     1
Dodge: Dodged            |    48 |    99 |   196 |   311 |   481 |     5 ||  1140
       Deflected         |       |       |       |    13 |     9 |       ||    22
Block: Shield            |    73 |   163 |   265 |   423 |       |       ||   924
